AoeStats
← sojutime

Arabia

511002994Analyzed
1v1 RM · 7h ago on Oct 3, 2026· 43m 57s· 2 players
Game mode
Random Map
Map size
Tiny (2 player)
Population
200
Speed
Normal
Resources
Standard
Victory
Conquest
Starting age
Dark Age
Ending age
Imperial Age
RankedLock teamsTeams togetherTeam positionsShared explorationLock speedFull tech treeHidden civsTurbo modeCheats
Victory
Defeat
🇨🇳 Magyars · China
1264
+16
🇩🇪 Varangians · Germany
1265
-16
Kane19
7:09 Loom
9:27 Feudal Age
10:01 Double-Bit Axe
14:04 Horse Collar
23:02 Castle Age
21:14 Gold Mining
22:00 Scale Barding Armor
22:28 Bloodlines
23:09 Fletching
25:47 Husbandry
26:14 Bodkin Arrow
27:31 Chain Barding Armor
28:40 Wheelbarrow
27:52 Town Watch
28:21 Light Cavalry
30:09 Padded Archer Armor
31:13 Leather Archer Armor
33:33 Bow Saw
40:32 Stone Mining
41:00 Hand Cart
40:47 Town Patrol
43:44 Imperial Age
41:37 Ballistics
41:28 Masonry
42:03 Gold Shaft Mining
42:10 Heavy Plow
43:43 Thumb Ring
44:32 Bracer
43:53 Heavy Cavalry Archer
44:59 Parthian Tactics
sojutime
7:11 Loom
9:37 Feudal Age
10:13 Double-Bit Axe
11:05 Horse Collar
19:54 Bloodlines
26:15 Castle Age
25:37 Scale Barding Armor
25:42 Forging
25:27 Gold Mining
29:02 Iron Casting
28:32 Husbandry
30:29 Light Cavalry
32:47 Chain Barding Armor
42:26 Town Watch
Connection lost

Rejoining the realm…

Still unreachable

The connection could not be restored.

Session expired

The server has moved on; the page needs a fresh start.